 Dungeon Crawl Stone Soup version 0.19.5 (webtiles) character file.

337 Patchouli the Cutter (level 6, -3/42 HPs)
             Began as a High Elf Warper on Mar 17, 2017.
             Was a Follower of Nemelex Xobeh.
             Killed by nerve-wracking pain
             ... invoked by an orc priest
              (6 damage)
             ... on level 5 of the Dungeon.
             The game lasted 00:11:25 (1146 turns).

Patchouli the Cutter (High Elf Warper)              Turns: 1146, Time: 00:11:26

Health: -3/42      AC:  4    Str: 10    XL:     6   Next: 28%
Magic:  10/12      EV: 13    Int: 18    God:    Nemelex Xobeh [*.....]
Gold:   116        SH:  0    Dex: 16    Spells: 2 memorised, 8 levels left

rFire  . . .     SeeInvis .     b - +1 hunting sling (flame)
rCold  . . .     Gourm    .     w - +0 leather armour
rNeg   . . .     Faith    .     (no shield)
rPois  .         Spirit   .     (no helmet)
rElec  .         Reflect  .     t - +0 cloak
rCorr  .         Harm     .     (no gloves)
MR     .....                    (no boots)
Stlth  +.........               (no amulet)
                                (no ring)
                                (no ring)

@: very slightly contaminated, drained
A: no striking features
a: Renounce Religion


You were on level 5 of the Dungeon.
You worshipped Nemelex Xobeh.
Nemelex Xobeh was aware of your devotion.
You were near starving.

You visited 2 branches of the dungeon, and saw 7 of its levels.

You collected 116 gold pieces.

Inventory:

Hand Weapons
 a - a +1 dagger of flaming
 b - a +1 hunting sling of flaming (weapon)
 g - a +0 short sword
 q - a +0 hunting sling
Missiles
 d - a tomahawk (quivered)
 e - 5 tomahawks of dispersal
 j - 7 bolts
 s - 9 poisoned needles
 x - 67 arrows
 B - a throwing net
Armour
 o - a +0 plate armour
 t - a +0 cloak (worn)
 w - a +0 leather armour (worn)
 y - a +0 shield
Scrolls
 l - 6 scrolls of identify {unknown}
 p - a scroll of teleportation
 v - 3 scrolls of remove curse {unknown}
Books
 c - a book of Spatial Translocations

   Spells                             Type                      Level
   a - Blink                          Translocation                2
   b - Shroud of Golubria             Charms/Translocation         2
   c - Lesser Beckoning               Translocation                3
   d - Portal Projectile              Translocation                3
   e - Teleport Other                 Translocation                3
   f - Passage of Golubria            Translocation                4
Comestibles
 f - 3 bread rations
 m - 6 fruits
 n - a royal jelly
 u - a meat ration
 A - 6 chunks of flesh


   Skills:
 + Level 3.1(3.0) Fighting
 * Level 4.8(4.7) Short Blades
 + Level 2.4(2.3) Throwing
 + Level 2.1(2.0) Armour
 + Level 3.2(3.1) Dodging
 + Level 3.5(3.4) Spellcasting
 - Level 3.2(3.1) Translocations


You had 8 spell levels left.
You knew the following spells:

 Your Spells              Type           Power        Failure   Level  Hunger
b - Shroud of Golubria    Chrm/Tloc      #.........   21%         2    ##.....
q - Blink                 Tloc           N/A          10%         2    ##.....


Dungeon Overview and Level Annotations

Branches:
Dungeon (6/15)             Temple (1/1) D:4

Altars:
Cheibriados
Fedhas
Gozag
Hepliaklqana
Makhleb
Nemelex Xobeh
Okawaru
Ru
Trog
Xom
Yredelemnul

Annotations:
D:6 Edmund, Menkaure


Message History

* * * LOW HITPOINT WARNING * * *
The giant cockroach barely misses you.
You hear some strange, mumbled words.
Found 19 stones.
Found a stone staircase leading up.
You are near starving!
There is a stone staircase leading up here.
The orc closely misses you.
You climb upwards.
The orc priest mumbles some strange prayers to Beogh against you.
Beogh smites you!
* * * LOW HITPOINT WARNING * * *
There is a stone staircase leading down here.
You aren't carrying any potions.
Casting: Blink
Confirm with . or Enter, or press ? or * to list all spells.
You blink.
The orc priest mumbles some strange prayers to Beogh against you.
Pain shoots through your body!
You die...
Your body disappears without a glow.

##......##..#
#.......<#.#
##.......[..#
#...........#
#...........##
.###............#
#.............^.##
#..............##
#....[.....@....#
#.....>.........#
#................#
#...^^..o.........#
#..^_^..o.........#
##.^^^..§o.........#
#.................#
###...............#
##)............[


You could see an orc priest and 2 orcs.

Vanquished Creatures
  A bullfrog zombie (D:4)
  An orc wizard (D:6)
  An iron imp (D:3)
  A hound skeleton (D:6)
  2 adders
  An ooze (D:4)
  A dart slug (D:3)
  2 leopard geckos
  3 orcs
  3 bats
  3 hobgoblins
  5 kobolds
  A frilled lizard (D:4)
  2 goblins (D:3)
  A jackal zombie (D:6)
  2 rats
30 creatures vanquished.

Vanquished Creatures (collateral kills)
  A worker ant (D:4)
  An orc (D:6)
2 creatures vanquished.

Vanquished Creatures (others)
  A hungry ghost (D:6)
  A scorpion (D:6)
  A fire vortex (D:6)
3 creatures vanquished.

Grand Total: 35 creatures vanquished

Notes
Turn   | Place    | Note
-------+----------+-------------------------------------------
     0 | D:1      | Patchouli the High Elf Warper began the quest for the Orb.
     0 | D:1      | Reached XP level 1. HP: 14/14 MP: 4/4
   151 | D:1      | Reached skill level 1 in Armour
   306 | D:1      | Reached XP level 2. HP: 19/19 MP: 6/6
   385 | D:3      | Reached skill level 3 in Short Blades
   454 | D:3      | Learned a level 2 spell: Blink
   457 | D:3      | Learned a level 2 spell: Shroud of Golubria
   469 | D:4      | Found a staircase to the Ecumenical Temple.
   493 | D:4      | Reached XP level 3. HP: 11/25 MP: 8/8
   499 | Temple   | Entered the Ecumenical Temple
   552 | Temple   | Became a worshipper of Nemelex Xobeh the Trickster
   582 | D:5      | Entered Level 5 of the Dungeon
   603 | D:4      | Received a gift from Nemelex Xobeh
   626 | D:4      | Reached XP level 4. HP: 22/30 MP: 9/9
   705 | D:3      | Noticed Grinder
   714 | D:3      | Noticed Grinder
   714 | D:3      | Grinder changed into Grinder the iron imp
   715 | D:3      | Killed Grinder the iron imp
   846 | D:4      | Reached skill level 4 in Short Blades
   919 | D:5      | Found a shimmering altar of Xom.
   928 | D:5      | Reached * piety under Nemelex Xobeh
   949 | D:6      | Noticed a hungry ghost
   951 | D:6      | Noticed Edmund
   957 | D:6      | Reached XP level 5. HP: 16/35 MP: 10/10
   967 | D:6      | Killed a hungry ghost
   967 | D:6      | Reached XP level 6. HP: 12/42 MP: 10/12
  1073 | D:6      | Noticed Menkaure
  1089 | D:6      | Found a basalt altar of Yredelemnul.
  1144 | D:5      | HP: 2/42 [orc priest/divine providence (9)]
  1146 | D:5      | Killed from afar by an orc priest

Skill      XL: |  1  2  3  4  5 |
---------------+----------------+-----
Armour         | 1 2 |  2.1
Short Blades   | 3 4 |  4.8
Spellcasting   | 3 |  3.5
Throwing       | 2 |  2.4
Fighting       | 3 |  3.1
Dodging        | 3 |  3.2
Translocations | |  3.2

Action                   |  1- 3 |  4- 6 || total
-------------------------+-------+-------++-------
Melee: Short sword       |    72 |    73 ||   145
Throw: Tomahawk          |       |     2 ||     2
 Cast: Blink             |       |     5 ||     5
Evoke: Deck              |     1 |    10 ||    11
  Use: Scroll            |       |     5 ||     5
       Potion            |       |     4 ||     4
 Stab: Invisible         |       |     5 ||     5
Armor: Plate armour      |    67 |    71 ||   138
       Leather armour    |       |     4 ||     4
       Skin              |       |     2 ||     2
Dodge: Dodged            |     7 |    42 ||    49
